Map: Dusk Towers

Players

Seppe - Winner!

  • Race: Terran Terran
  • League: Platinum

A.I. 1 (Elite)

  • Race: Protoss Protoss

VOD

Have the link to the VOD?

Description

Time

  • Played on: Nov. 19, 2015, 8 p.m.
  • Length: 15:31
Show
View Real Time Build Order
Export as new Build Order

Seppe Terran - Winner!

Build Orders: Liberator Opening, Reaper Expand, Mech 

Get SALT Encoding   

  12  0:01  SCV  
  13  0:13  SCV  
  14  0:18  Supply Depot  
  14  0:25  SCV  
  14  0:28  Refinery  
  15  0:39  SCV  
  16  0:46  Barracks  
  16  0:52  SCV  
  17  1:04  SCV  
  18  1:08  Supply Depot  
  18  1:16  SCV  
  19  1:32  Orbital Command  
  19  1:33  Reaper  
  20  1:53  Command Center  
  20  1:58  SCV  
  21  2:05  Reaper  
  21  2:07  Refinery  
  22  2:13  SCV  
  23  2:17  Factory  
  23  2:25  SCV  
  24  2:37  SCV  
  24  2:43  Barracks Reactor  
  25  2:44  Supply Depot  
  25  2:50  SCV  
  26  3:02  Starport  
  26  3:03  Widow Mine  
  26  3:05  SCV  
  29  3:07  Orbital Command  
  29  3:17  SCV  
  29  3:18  Engineering Bay  
  30  3:22  Liberator  
  30  3:23  Supply Depot  
  30  3:29  SCV  
  30  3:30  Barracks Tech Lab  
  31  3:35  SCV  
  35  3:42  Hellion  
  35  3:43  Hellion  
  35  3:45  SCV  
  40  3:54  Supply Depot  
  40  4:01  SCV  
  40  4:02  SCV, Refinery  
  42  4:05  Barracks Reactor, Liberator  
  42  4:06  Hellion, Refinery  
  42  4:08  Hellion  
  46  4:14  SCV x2  
  48  4:23  Supply Depot  
  51  4:27  Widow Mine  
  51  4:28  SCV, Widow Mine  
  51  4:30  SCV  
  57  4:40  SCV  
  57  4:42  SCV, Marine x2  
  61  4:53  SCV, Armory  
  61  4:54  SCV  
  61  4:59  Hellion x2  
  67  5:00  Supply Depot, Marine  
  67  5:05  SCV  
  67  5:06  SCV  
  70  5:08  Marine  
  71  5:16  Banshee  
  71  5:17  SCV  
  71  5:18  SCV  
  71  5:21  Hellion  
  78  5:22  Hellion  
  78  5:27  Supply Depot  
  80  5:29  SCV, Marine  
  80  5:30  SCV  
  83  5:40  Supply Depot  
  83  5:41  Terran Vehicle And Ship Armor Level 1, SCV  
  84  5:43  SCV  
  84  5:49  Hellbat x2  
  89  5:53  Marine x2  
  89  5:55  Supply Depot  
  89  5:56  SCV  
  93  5:57  SCV  
  87  6:11  Supply Depot  
  87  6:15  Factory  
  87  6:17  Factory  
  87  6:18  Supply Depot  
  77  6:19  SCV x2  
  67  6:32  SCV  
  67  6:33  SCV  
  67  6:36  Supply Depot  
  67  6:39  Medivac  
  70  6:41  Marine x2  
  70  6:43  Supply Depot, Hellion x2  
  70  6:46  SCV x2  
  72  6:58  Factory Tech Lab  
  72  7:00  Factory Tech Lab  
  63  7:06  Armory, Starport  
  63  7:07  Command Center, Supply Depot  
  63  7:08  SCV  
  63  7:09  SCV, Supply Depot  
  63  7:12  Hellion x2  
  63  7:13  Marine  
  70  7:21  Siege Tank  
  76  7:22  Siege Tank  
  76  7:26  Infernal Pre-Igniter  
  76  7:34  SCV x2  
  78  7:47  Starport Reactor  
  78  7:52  Refinery  
  78  7:53  Banshee  
  78  7:55  Siege Tank x2  
  78  7:57  Hellion x2  
  78  7:58  Marine  
  92  8:00  SCV  
  93  8:08  SCV  
  93  8:12  SCV  
  95  8:13  Terran Vehicle And Ship Armor Level 2  
  95  8:15  Terran Vehicle Weapons Level 1  
  95  8:16  Refinery  
  95  8:20  SCV  
  95  8:23  Orbital Command  
  95  8:26  SCV  
  97  8:28  Siege Tank  
  100  8:40  SCV x2  
  102  8:41  Marine x2  
  102  8:43  Siege Tank  
  102  8:44  Hellbat x2  
  102  8:46  Medivac  
  102  8:47  Medivac  
  102  8:48  Medivac  
  117  8:52  SCV  
  117  8:53  SCV x2  
  116  8:57  Sensor Tower, Missile Turret  
  116  8:58  Missile Turret  
  116  9:00  Siege Tank  
  111  9:04  Marine x2  
  111  9:05  SCV x3, Liberator  
  113  9:15  Siege Tank  
  101  9:18  Hellion  
  101  9:19  Hellion  
  101  9:20  Medivac x2  
  101  9:22  Marine x2  
  114  9:27  Command Center  
  114  9:32  Siege Tank  
  114  9:38  SCV x3  
  118  9:47  Siege Tank  
  118  9:48  Marine x2  
  118  9:50  SCV x3  
  118  9:51  Hellbat x2  
  120  9:53  Sensor Tower  
  120  9:54  Medivac x2  
  124  10:00  Supply Depot  
  124  10:04  Siege Tank  
  124  10:05  Supply Depot  
  127  10:09  Terran Vehicle Weapons Level 2  
  127  10:11  SCV x3  
  130  10:19  Siege Tank  
  130  10:21  Marine x2  
  128  10:23  Hellbat x2  
  128  10:26  Medivac  
  134  10:36  Siege Tank  
  137  10:45  Hellbat x2  
  137  10:49  Terran Vehicle And Ship Armor Level 3  
  141  10:51  Siege Tank, Marine x2  
  141  10:53  Command Center  
  141  10:55  Sensor Tower  
  141  10:56  Medivac  
  146  11:06  Hellbat x2  
  146  11:09  Supply Depot x2, Marine x2  
  152  11:22  Sensor Tower  
  152  11:26  SCV x2  
  152  11:30  SCV x2  
  156  11:33  Marine x2  
  156  11:35  Thor x2  
  156  11:37  Hellbat x2  
  156  11:38  SCV  
  175  11:41  Factory  
  175  11:42  Factory  
  175  11:44  Medivac  
  177  11:54  Factory  
  177  11:55  Supply Depot  
  177  11:56  Supply Depot  
  177  12:01  Liberator  
  177  12:07  Marine  
  177  12:08  Sensor Tower, Missile Turret, Marine  
  179  12:13  Hellbat  
  179  12:14  Hellbat  
  183  12:17  Thor  
  183  12:18  Hellbat  
  194  12:25  Marine x2  
  194  12:28  Missile Turret  
  196  12:30  Factory Reactor x2  
  196  12:35  Hellbat x2  
  196  12:36  Barracks  
  200  12:39  Planetary Fortress  
  200  12:41  Factory  
  200  13:21  Command Center  
  196  13:42  Command Center x2  
  196  13:43  Command Center x3  
  196  13:45  Command Center  
  196  13:47  Command Center  
  186  13:49  Factory Tech Lab  
  186  13:50  Thor x2  
  186  13:51  Hellbat  
  186  13:52  Hellbat x4  
  197  14:15  Planetary Fortress  
  197  14:28  Refinery  
  197  14:31  Refinery  
  193  14:51  Command Center, Sensor Tower  
  187  15:08  Hellbat  
  187  15:09  Hellbat x5  
  199  15:16  Barracks Tech Lab  
  199  15:18  Factory Tech Lab  
Show
View Real Time Build Order
Export as new Build Order

A.I. 1 (Elite) Protoss 

Build Orders: Zealot Archon 

Get SALT Encoding   

  12  0:01  Probe (Chrono Boost)  
  13  0:11  Probe (Chrono Boost)  
  14  0:19  Pylon  
  14  0:22  Probe (Chrono Boost)  
  15  0:38  Probe (Chrono Boost)  
  16  0:48  Probe (Chrono Boost), Assimilator  
  17  0:50  Gateway  
  17  0:59  Probe (Chrono Boost), Pylon  
  18  1:09  Probe (Chrono Boost)  
  19  1:20  Probe (Chrono Boost)  
  20  1:31  Probe (Chrono Boost)  
  21  1:36  Gateway, Zealot  
  23  1:40  Cybernetics Core  
  23  1:42  Probe (Chrono Boost)  
  24  1:48  Pylon  
  24  1:53  Probe (Chrono Boost)  
  25  2:01  Zealot, Assimilator  
  28  2:08  Probe (Chrono Boost)  
  28  2:14  Warp Gate  
  27  2:20  Probe (Chrono Boost)  
  27  2:22  Adept  
  28  2:27  Adept  
  32  2:32  Probe (Chrono Boost)  
  33  2:41  Robotics Facility  
  33  2:44  Probe (Chrono Boost)  
  34  2:48  Adept  
  36  2:54  Adept  
  38  3:03  Pylon  
  38  3:05  Probe (Chrono Boost)  
  39  3:20  Adept  
  39  3:22  Sentry  
  39  3:25  Immortal  
  47  3:34  Pylon  
  47  3:51  Stalker x2  
  51  3:56  Pylon  
  51  4:07  Immortal  
  55  4:20  Pylon  
  55  4:26  Twilight Council  
  55  4:44  Observer  
  56  5:12  Templar Archives  
  56  5:15  Gateway  
  56  5:19  Nexus  
  56  5:50  High Templar  
  56  5:55  Forge  
  58  6:00  Stalker  
  59  6:04  Forge  
  59  6:11  Zealot  
  59  6:20  High Templar  
  59  6:23  Zealot  
  59  6:31  Stalker  
  59  6:32  Probe x2 (Chrono Boost)  
  59  6:38  Assimilator  
  57  6:42  Stalker, Assimilator  
  57  6:44  Probe (Chrono Boost)  
  57  6:46  Probe (Chrono Boost)  
  59  6:55  Probe (Chrono Boost)  
  59  6:57  Probe (Chrono Boost)  
  61  7:06  Probe (Chrono Boost), High Templar  
  61  7:08  Probe (Chrono Boost)  
  65  7:12  Stalker  
  65  7:14  Archon  
  67  7:18  Probe (Chrono Boost)  
  67  7:19  Probe (Chrono Boost)  
  69  7:27  High Templar  
  69  7:29  Probe (Chrono Boost)  
  73  7:31  Probe (Chrono Boost)  
  73  7:40  Probe (Chrono Boost), High Templar  
  73  7:42  Gateway, Probe (Chrono Boost)  
  77  7:45  Stalker, Pylon  
  77  7:51  Archon  
  80  7:52  Probe (Chrono Boost), Nexus  
  80  7:58  Probe (Chrono Boost)  
  81  7:59  High Templar  
  81  8:03  Probe (Chrono Boost)  
  84  8:09  Probe (Chrono Boost)  
  84  8:10  Pylon  
  85  8:14  Probe (Chrono Boost), High Templar  
  85  8:18  Stalker  
  90  8:20  Archon  
  90  8:32  Pylon  
  90  8:33  High Templar  
  92  8:47  High Templar  
  94  8:51  Stalker, Zealot  
  94  8:53  Pylon  
  94  9:02  Archon  
  94  9:03  Sentry  
  94  9:06  Probe x3 (Chrono Boost)  
  99  9:10  Zealot  
  99  9:12  Assimilator  
  99  9:15  High Templar  
  99  9:17  Probe (Chrono Boost), Assimilator  
  102  9:18  Probe (Chrono Boost)  
  102  9:19  Probe (Chrono Boost)  
  104  9:28  Probe (Chrono Boost), Zealot  
  104  9:29  High Templar  
  104  9:30  Probe x2 (Chrono Boost)  
  111  9:37  Archon  
  110  9:39  Probe (Chrono Boost)  
  110  9:41  Probe (Chrono Boost)  
  110  9:42  Probe (Chrono Boost), High Templar  
  112  9:46  Zealot  
  112  9:51  Probe (Chrono Boost)  
  112  9:52  Probe (Chrono Boost)  
  116  9:53  High Templar  
  116  9:54  Probe (Chrono Boost)  
  116  9:56  Nexus, Pylon  
  116  9:57  Archon  
  119  10:02  Probe (Chrono Boost)  
  119  10:03  High Templar  
  119  10:05  Probe x2 (Chrono Boost)  
  124  10:12  High Templar  
  124  10:13  Probe (Chrono Boost)  
  127  10:16  Probe (Chrono Boost), Pylon, Archon  
  127  10:17  Probe (Chrono Boost)  
  125  10:22  High Templar  
  125  10:25  Probe (Chrono Boost)  
  125  10:27  Probe (Chrono Boost)  
  116  10:28  Probe (Chrono Boost)  
  116  10:31  High Templar  
  116  10:34  Stalker  
  109  10:37  Probe (Chrono Boost)  
  109  10:38  Probe (Chrono Boost)  
  110  10:43  Stalker  
  112  10:51  Immortal  
  112  10:52  Adept  
  112  10:55  Stalker  
  112  10:56  Protoss Ground Weapons Level 1, Protoss Ground Armor Level 1  
  120  11:00  Zealot  
  120  11:03  Pylon  
  120  11:04  Stalker  
  124  11:05  Pylon  
  124  11:06  Archon  
  124  11:10  Stalker  
  127  11:11  Probe (Chrono Boost)  
  127  11:16  High Templar  
  129  11:18  Photon Cannon  
  129  11:19  Assimilator  
  129  11:20  Pylon  
  129  11:26  High Templar  
  129  11:30  Assimilator  
  129  11:32  Photon Cannon  
  131  11:33  Photon Cannon, Archon  
  131  11:36  High Templar  
  131  11:37  Adept  
  135  11:41  Pylon  
  135  11:43  Pylon  
  135  11:46  High Templar, Photon Cannon  
  137  11:47  Psionic Storm, Pylon  
  137  11:56  Zealot  
  139  12:05  Photon Cannon  
  139  12:07  Photon Cannon  
  139  12:09  Photon Cannon  
  139  12:14  Robotics Bay  
  139  12:16  Photon Cannon  
  139  12:18  Photon Cannon  
  139  12:20  Photon Cannon  
  139  12:24  Photon Cannon  
  139  12:29  Warp Prism, Robotics Facility  
  139  12:31  Adept  
  143  12:47  Gateway  
  143  12:53  Photon Cannon  
  143  12:55  Protoss Ground Weapons Level 2  
  143  12:56  Photon Cannon  
  143  13:01  Blink  
  143  13:03  Stalker, Observer  
  146  13:11  Photon Cannon  
  146  13:12  Disruptor  
  146  13:16  Photon Cannon  
  146  13:17  Photon Cannon  
  149  13:22  Immortal  
  149  13:24  Nexus, Robotics Facility  
  141  13:34  Stalker, Sentry, Zealot x2  
  123  13:41  Zealot  
  129  13:46  Disruptor  
  110  13:53  Adept, Zealot  
  110  13:55  Sentry, Zealot  
  93  13:58  Probe (Chrono Boost)  
  93  14:00  Stalker  
  93  14:01  Observer  
  92  14:03  Stalker, Zealot  
  92  14:06  Sentry, Zealot  
  92  14:07  Zealot  
  92  14:08  Probe x2 (Chrono Boost)  
  84  14:11  Stalker  
  84  14:12  Adept  
  72  14:19  Immortal  
  63  14:25  Zealot  
  63  14:26  Stalker  
  56  14:32  Sentry  
  56  14:33  Zealot  
  50  14:44  Adept  
  40  14:48  Stalker  
  31  14:59  Zealot  
  22  15:07  Probe (Chrono Boost)  
  22  15:16  Probe (Chrono Boost)  
  16  15:28  Adept, Zealot  
Tags
 
Add a new tag
Caveats
  • Supply blocks, unpowered buildings, or Contaminate may cause inaccurate times.
  • Supply counts are checked every 10 seconds.